 Dungeon Crawl Stone Soup version 0.27-a0-54-g64bdb92e38 (webtiles) character file.

Game seed: 16541700532655833433

30 Morbidden the Chucker (level 3, -1/18 HPs)
             Began as a Vine Stalker Hunter on Jan 7, 2021.
             Killed from afar by Natasha (4 damage)
             ... with a magic dart
             ... on level 3 of the Dungeon.
             The game lasted 00:01:31 (1271 turns).

Morbidden the Chucker (Vine Stalker Hunter)         Turns: 1271, Time: 00:01:32

Health: -1/18      AC:  3    Str: 14    XL:     3   Next: 20%
Magic:  0/4        EV:  9    Int: 12    God:
Gold:   62         SH:  7    Dex: 14    Spells: 2/2 levels left

rFire    . . .     SeeInvis .   a - +0 short sword
rCold    . . .     Faith    .   l - +0 kite shield
rNeg     . . .     Spirit   +   b - +0 leather armour
rPois    .         Reflect  .   (no helmet)
rElec    .         Harm     .   (no cloak)
rCorr    .         Rampage  .   (no gloves)
Will     .....                  (no boots)
Stlth    +.........             (no amulet)
HPRegen  0.06/turn              (no ring)
MPRegen  0.09/turn              (no ring)

@: no status effects
A: fangs 2, magic shield, antimagic bite, no potion heal 3
a: no special abilities


You were on level 3 of the Dungeon.
You visited 1 branch of the dungeon, and saw 3 of its levels.

You collected 62 gold pieces.

Inventory:

Hand Weapons
 a - a +0 short sword (weapon)
Missiles
 c - 6 javelins
 d - 2 throwing nets
 e - 26 stones
 f - 58 sling bullets
 i - 9 poisoned darts (quivered)
Armour
 b - a +0 leather armour (worn)
 l - a +0 kite shield (worn)
Scrolls
 h - a scroll of remove curse {unknown}
 j - 2 scrolls of identify {unknown}
 k - 2 scrolls of magic mapping {unknown}
Potions
 g - a potion of cancellation {unknown}


   Skills:
 + Level 1.9 Fighting
 + Level 0.4 Short Blades
 + Level 4.1 Throwing
 + Level 0.1 Armour
 + Level 1.9 Dodging
 + Level 1.2 Stealth


You had 2 spell levels left.
You didn't know any spells.
Your spell library was empty.

Dungeon Overview and Level Annotations

Branches:
Dungeon (3/15)

Altars:

Annotations:
D:2 Robin
D:3 Natasha


Innate Abilities, Weirdness & Mutations

You have extremely sharp teeth.
When hurt, damage is shared between your health and your magic reserves.
Your bite disrupts and absorbs the magic of your enemies.
Potions cannot restore your health.


Message History

Aim: Natasha You throw a poisoned dart.
The poisoned dart hits Natasha!
Natasha is poisoned.
Natasha casts a spell at you. The magic dart hits you!
Throw: 10 darts (poison)
Press: ? - help, Q - select action, (/) - cycle Shift-Dir - straight line, f/p - Natasha
Aim: Natasha (very poisoned)
You throw a poisoned dart. The poisoned dart hits Natasha!
Natasha looks as sick as possible!
Natasha claws you.
* * * LOW HITPOINT WARNING * * *
Unknown command.
Unknown command.
Okay, then.
Unknown command.
Natasha stares at you and mumbles some strange words.
You resist with some effort.
Natasha stares at you and mumbles some strange words.
The magic dart hits you.
You die...

#. # #.
##.#.
###....####
.....(.<..#
.##..####.#
#..####h#
........#
..#####@#
#.# #..
#.## #.#
#.# ..# ###


You could see Natasha (very poisoned).

Vanquished Creatures
  An ooze (D:1)
  A leopard gecko (D:1)
  2 giant cockroaches (D:1)
  4 goblins
  5 hobgoblins (D:1)
  3 bats (D:1)
  2 frilled lizards (D:1)
  3 kobolds
  4 rats (D:1)
25 creatures vanquished.

Notes
Turn   | Place    | Note
-------+----------+-------------------------------------------
     0 | D:1      | Morbidden the Vine Stalker Hunter began the quest for the
                  | Orb.
     0 | D:1      | Reached XP level 1. HP: 11/11 MP: 2/2
   279 | D:1      | Reached XP level 2. HP: 15/15 MP: 3/3
   400 | D:1      | Reached skill level 4 in Throwing
   768 | D:1      | Reached XP level 3. HP: 18/18 MP: 4/4
  1244 | D:2      | Noticed Natasha
  1247 | D:2      | Noticed Robin
  1271 | D:3      | Killed from afar by Natasha

Illustrated notes

Levels and vault maps discovered:
D:1:      minmay_arrival_stone_box, layout_loops_ring, hangedman_decor_push
D:2:      layout_rooms, chequers_ecumenical_altar_simple,
          grunt_decor_resistance, uniq_robin, uniq_terence, uniq_natasha
D:3:      layout_loops_ring, minitemple, lemuel_coloured_pillars_altar,
          uniq_grinder

Skill      XL: |  1  2 |
---------------+-------+-----
Throwing       | 4 |  4.1
Fighting       | |  1.9
Short Blades   | |  0.4
Armour         | |  0.1
Dodging        | |  1.9
Stealth        | |  1.2

Action                   || total
-------------------------++-------
Melee: Short sword       ||    60
       Bite              ||     9
Throw: Stone             ||    10
       Dart              ||    13
Armor: Leather armour    ||    10
Dodge: Dodged            ||    40
Block: Kite shield       ||     3

Table legend: (Time is in decaauts)
 A = Elapsed time spent in this place.
 B = Non-inter-level travel time spent in this place.
 C = Inter-level travel time spent in this place.
 D = Time resting spent in this place.
 E = Time spent auto-exploring this place.
 F = Levels seen in this place.
 G = Mean time per level.
                   A        B        C        D        E       F      G
               +--------+--------+--------+--------+--------+-----+--------+
         Total |   1272 |   1251 |     21 |      0 |   1036 |   3 |  424.0 |
       Dungeon |   1272 |   1251 |     21 |      0 |   1036 |   3 |  424.0 |
               +--------+--------+--------+--------+--------+-----+--------+

Top non-repeatable levels by time:
     D:1: 1161 daAuts
     D:2: 105 daAuts
     D:3: 6 daAuts
